Map: Romanticide LE

Players

DPGDark (Dark) - Winner!

  • Race: Zerg Zerg
  • League: Master

Zoun

  • Race: Protoss Protoss

Event: TSL 7

VOD

Have the link to the VOD?

Description

Time

  • Played on: June 12, 2021, 9:08 a.m.
  • Length: 12:01

All games in this series

Show
View Real Time Build Order
Export as new Build Order

DPGDark Zerg - Winner!

Build Orders: Hatch First, Lurkers, Roach Hydra 

Get SALT Encoding   

  12  0:00  Drone  
  13  0:12  Overlord  
  13  0:17  Drone  
  14  0:31  Drone x2  
  16  0:47  Drone  
  16  0:48  Drone  
  18  0:55  Hatchery  
  17  0:58  Drone  
  17  1:02  Extractor  
  17  1:13  Spawning Pool  
  17  1:16  Drone  
  17  1:21  Drone  
  18  1:28  Drone  
  19  1:39  Drone  
  20  1:50  Drone  
  21  2:01  Zergling x2  
  22  2:02  Metabolic Boost  
  22  2:06  Queen x2  
  26  2:09  Zergling x2  
  26  2:13  Drone  
  28  2:17  Overlord  
  28  2:34  Hatchery, Drone  
  28  2:35  Drone  
  28  2:36  Drone  
  30  2:39  Drone  
  31  2:50  Queen  
  33  2:53  Overlord  
  33  2:54  Drone  
  33  2:57  Drone  
  35  3:00  Drone  
  36  3:12  Drone x2  
  38  3:13  Drone  
  38  3:15  Drone  
  38  3:16  Drone  
  38  3:17  Drone  
  42  3:23  Overlord  
  42  3:26  Queen  
  44  3:28  Overlord  
  44  3:35  Overlord  
  44  3:41  Drone  
  44  3:46  Drone, Queen  
  44  3:47  Drone  
  44  3:48  Drone  
  50  3:49  Zergling x4  
  50  3:50  Drone  
  50  3:55  Drone  
  54  3:56  Drone  
  54  3:59  Drone, Spore Crawler  
  54  4:00  Drone  
  54  4:01  Spore Crawler  
  55  4:03  Drone x2  
  55  4:08  Lair  
  57  4:10  Drone x2  
  57  4:12  Drone  
  60  4:17  Extractor, Drone, Evolution Chamber  
  60  4:22  Drone x3  
  62  4:24  Drone  
  63  4:35  Drone x5  
  66  4:39  Overlord  
  66  4:42  Overlord  
  66  4:43  Zerg Missile Weapons Level 1  
  66  4:45  Roach Warren  
  65  4:46  Drone  
  65  4:48  Overlord  
  65  4:51  Spore Crawler  
  65  4:52  Drone  
  66  4:58  Drone x5  
  71  5:00  Drone  
  71  5:04  Drone x2  
  71  5:06  Drone  
  74  5:11  Drone  
  74  5:12  Drone, Hydralisk Den  
  74  5:13  Drone x2  
  77  5:14  Drone x2  
  77  5:15  Drone x2  
  77  5:16  Drone  
  77  5:19  Drone  
  83  5:23  Drone x2  
  83  5:25  Extractor  
  83  5:27  Extractor  
  83  5:28  Drone x2  
  85  5:32  Extractor x2, Glial Reconstitution  
  83  5:37  Overlord  
  83  5:39  Drone  
  84  5:44  Hydralisk, Muscular Augments  
  86  5:52  Hatchery, Hydralisk  
  87  5:57  Overlord x2  
  87  5:58  Hydralisk  
  87  6:02  Drone  
  87  6:03  Drone x3, Queen x2  
  97  6:05  Overlord  
  97  6:15  Queen  
  97  6:16  Hydralisk x4  
  107  6:23  Infestation Pit  
  107  6:24  Unknown  
  105  6:25  Hydralisk  
  105  6:29  Hydralisk  
  105  6:31  Drone x6  
  114  6:37  Zerg Missile Weapons Level 2  
  114  6:38  Evolution Chamber  
  113  6:45  Drone x2  
  115  6:47  Hydralisk x2  
  115  6:48  Hydralisk  
  115  6:50  Overlord  
  115  6:51  Overlord  
  121  6:55  Grooved Spines  
  121  7:00  Overlord x2  
  121  7:05  Roach x3  
  127  7:09  Zerg Ground Armor Level 1  
  127  7:12  Hive  
  126  7:16  Drone x3  
  126  7:17  Drone  
  126  7:20  Lurker Den  
  126  7:22  Hydralisk x2  
  131  7:23  Drone x4  
  131  7:24  Drone x2  
  131  7:26  Spore Crawler  
  131  7:28  Spore Crawler  
  137  7:34  Hydralisk x2  
  137  7:35  Hydralisk x3  
  147  7:37  Hatchery  
  147  7:38  Roach  
  147  7:39  Roach  
  147  7:40  Overseer  
  147  7:42  Roach  
  152  7:49  Spore Crawler  
  152  7:51  Roach x4  
  159  7:53  Spore Crawler  
  159  7:57  Overlord  
  158  8:01  Overlord, Roach  
  158  8:03  Overlord  
  160  8:06  Overlord  
  160  8:10  Overlord  
  160  8:12  Overseer  
  160  8:20  Nydus Network  
  160  8:21  Lurker x5  
  160  8:22  Lurker  
  157  8:35  Adaptive Talons  
  157  8:36  Zergling x30  
  157  8:38  Spine Crawler  
  157  8:40  Spine Crawler  
  170  8:47  Hydralisk  
  170  8:48  Hydralisk x2  
  172  9:05  Hydralisk  
  172  9:06  Hydralisk x3  
  172  9:08  Roach x6  
  161  9:10  Hydralisk, Roach  
  161  9:11  Hydralisk x4, Roach  
  161  9:13  Hydralisk  
  169  9:22  Pneumatized Carapace  
  169  9:23  Overseer  
  167  9:27  Drone x2  
  167  9:28  Drone  
  167  9:30  Zerg Ground Armor Level 2  
  170  9:32  Seismic Spines  
  170  9:35  Drone x5  
  170  9:36  Drone x2, Spore Crawler  
  170  9:37  Spore Crawler  
  175  9:41  Drone  
  175  9:43  Spine Crawler  
  175  9:49  Spore Crawler  
  175  9:50  Drone x3  
  175  9:51  Spine Crawler  
  175  9:52  Extractor  
  175  9:53  Spine Crawler  
  175  9:57  Lurker x3  
  175  10:01  Zergling x28  
  175  10:02  Extractor  
  185  10:07  Hydralisk x2  
  185  10:12  Lurker x3  
  192  10:21  Zergling x10  
  194  10:22  Zergling x2  
  194  10:25  Hydralisk  
  185  10:37  Hydralisk  
  185  10:38  Hydralisk x2  
  185  10:40  Lurker x2  
  185  10:41  Lurker x2  
  188  10:44  Lurker  
  188  10:48  Hatchery, Zergling x16  
  196  10:57  Spine Crawler  
  196  10:58  Overlord  
  196  11:01  Spine Crawler, Lurker x2  
  196  11:08  Nydus Canal  
  190  11:13  Hydralisk x8  
  194  11:20  Hydralisk x2  
  198  11:28  Hydralisk x3  
  198  11:31  Zergling x10  
  196  11:34  Hydralisk  
  196  11:35  Hydralisk x3  
  196  11:36  Zergling x2  
  196  11:37  Nydus Canal  
Show
View Real Time Build Order
Export as new Build Order

Zoun Protoss 

Build Orders: 1 Gate Expand, Oracle Opening 

Get SALT Encoding   

  12  0:00  Probe  
  13  0:12  Probe  
  14  0:20  Pylon  
  14  0:24  Probe  
  15  0:38  Probe (Chrono Boost)  
  15  0:39  Gateway  
  16  0:47  Probe (Chrono Boost)  
  16  0:49  Assimilator  
  17  0:52  Probe  
  19  1:04  Probe  
  19  1:16  Probe  
  20  1:26  Nexus  
  20  1:36  Cybernetics Core  
  20  1:39  Probe  
  21  1:45  Assimilator  
  21  1:51  Probe  
  22  1:54  Pylon  
  22  2:03  Probe  
  23  2:12  Adept (Chrono Boost)  
  23  2:13  Warp Gate  
  25  2:16  Probe  
  26  2:27  Stargate  
  26  2:28  Probe (Chrono Boost)  
  29  2:38  Probe (Chrono Boost)  
  29  2:39  Adept  
  29  2:40  Probe (Chrono Boost)  
  31  2:48  Probe x2 (Chrono Boost)  
  33  2:53  Probe (Chrono Boost)  
  33  2:57  Probe  
  35  2:59  Gateway  
  35  3:03  Void Ray (Chrono Boost)  
  35  3:05  Probe  
  36  3:09  Probe  
  41  3:17  Probe, Pylon  
  42  3:21  Probe  
  43  3:29  Probe  
  43  3:33  Probe  
  45  3:36  Oracle (Chrono Boost)  
  48  3:43  Probe  
  49  3:50  Nexus  
  49  3:52  Pylon  
  49  3:53  Probe  
  49  3:55  Probe  
  51  4:00  Assimilator  
  51  4:02  Assimilator, Adept  
  53  4:07  Pylon  
  53  4:12  Probe  
  53  4:13  Probe, Shield Battery  
  55  4:17  Stargate  
  55  4:24  Probe  
  55  4:27  Probe  
  55  4:30  Void Ray (Chrono Boost)  
  57  4:36  Probe  
  58  4:39  Probe  
  63  4:46  Pylon  
  63  4:48  Probe  
  63  4:51  Probe  
  65  4:55  Twilight Council, Forge  
  65  5:00  Void Ray  
  65  5:03  Probe (Chrono Boost)  
  65  5:04  Probe x2 (Chrono Boost), Void Ray  
  72  5:13  Probe x2 (Chrono Boost)  
  79  5:16  Probe (Chrono Boost)  
  79  5:18  Probe x2 (Chrono Boost), Pylon  
  81  5:23  Charge, Protoss Ground Weapons Level 1 (Chrono Boost)  
  81  5:25  Probe  
  82  5:29  Probe  
  82  5:30  Probe, Assimilator  
  82  5:34  Assimilator  
  84  5:37  Probe  
  84  5:41  Robotics Facility  
  84  5:42  Gateway  
  85  5:43  Gateway  
  85  5:45  Probe x2  
  87  5:54  Probe  
  88  5:57  Probe  
  88  5:58  Probe  
  87  6:13  Templar Archives  
  87  6:14  Probe x2, Gateway  
  87  6:17  Gateway x3, Sentry  
  91  6:20  Gateway  
  91  6:22  Pylon  
  91  6:29  Observer  
  91  6:30  Shield Battery  
  91  6:32  Robotics Bay  
  92  6:34  Robotics Facility  
  92  6:39  Gateway x2  
  92  6:43  Pylon  
  92  6:44  Pylon  
  92  6:46  Photon Cannon  
  92  6:47  Warp Prism (Chrono Boost)  
  92  6:52  Void Ray x2  
  102  7:03  Pylon  
  102  7:06  Observer  
  102  7:10  Pylon  
  102  7:13  Observer, Photon Cannon  
  102  7:14  High Templar  
  102  7:15  High Templar  
  106  7:17  Observer  
  106  7:18  Probe  
  106  7:19  Photon Cannon  
  106  7:21  Disruptor x2 (Chrono Boost)  
  113  7:32  Shield Battery  
  113  7:35  Zealot x4  
  113  7:36  Zealot x4  
  129  7:46  Disruptor (Chrono Boost)  
  129  7:47  Disruptor (Chrono Boost)  
  129  7:48  Observer, Photon Cannon  
  135  7:55  Observer  
  135  7:57  Nexus  
  135  8:00  Pylon  
  135  8:01  High Templar x2  
  139  8:06  Archon  
  139  8:07  Archon  
  139  8:12  Zealot  
  141  8:15  Pylon  
  141  8:16  Pylon  
  141  8:18  High Templar x2, Pylon  
  145  8:21  Zealot x2  
  145  8:22  Archon  
  145  8:25  Shield Battery  
  149  8:27  Photon Cannon  
  149  8:34  Zealot x5  
  153  8:36  High Templar x2  
  153  8:40  Archon  
  161  8:41  Probe x2  
  161  8:44  Disruptor  
  160  9:00  Zealot x6  
  134  9:11  Zealot x5  
  134  9:12  Void Ray x2 (Chrono Boost)  
  111  9:27  High Templar x2  
  115  9:33  Archon  
  115  9:34  Zealot x6, Sentry  
  115  9:37  Disruptor (Chrono Boost)  
  129  9:39  Observer (Chrono Boost)  
  133  9:46  Pylon, Assimilator  
  133  9:47  Assimilator  
  133  9:48  Zealot x2  
  137  9:56  Probe x3  
  140  10:00  Disruptor  
  140  10:06  Probe  
  144  10:08  Probe  
  145  10:16  Observer  
  145  10:18  Zealot x8  
  161  10:22  Observer  
  148  10:36  Disruptor  
  143  10:43  Probe x4  
  143  10:46  Fleet Beacon  
  143  10:47  Stargate  
  143  10:49  Immortal  
  151  10:55  High Templar  
  151  10:56  High Templar  
  155  10:58  Probe x4, Shield Battery  
  155  11:00  Photon Cannon, Archon  
  155  11:03  Zealot x2  
  162  11:13  Zealot x4  
  168  11:20  Zealot x3  
  174  11:25  Zealot x2  
  162  11:35  Zealot x6  
Tags
 
Add a new tag
Caveats
  • Supply blocks, unpowered buildings, or Contaminate may cause inaccurate times.
  • Supply counts are checked every 10 seconds.